 Dungeon Crawl Stone Soup version 0.24-a0-458-gfcb5e6da0e (webtiles) character file.

Game seed: 6046916551049965236

189 Mrkan the Caller (level 5, 0/30 HPs)
             Began as a Tengu Summoner on June 26, 2019.
             Slain by a killer bee (5 damage)
             ... on level 4 of the Dungeon.
             The game lasted 00:10:01 (4015 turns).

Mrkan the Caller (Tengu Summoner)                   Turns: 4015, Time: 00:10:03

Health: 0/30       AC:  4    Str:  8    XL:     5   Next: 68%
Magic:  4/10       EV: 15    Int: 17    God:
Gold:   244        SH:  0    Dex: 14    Spells: 3/10 levels left

rFire    . . .     SeeInvis .   n - +0 spear
rCold    . . .     Gourm    .   (no shield)
rNeg     . . .     Faith    .   a - +0 robe
rPois    .         Spirit   .   (helmet restricted)
rElec    .         Reflect  .   r - +0 cloak
rCorr    .         Harm     .   t - +0 pair of gloves
MR       .....                  (boots unavailable)
Stlth    ++........             (no amulet)
HPRegen  0.10/turn              h - ring of wizardry
MPRegen  0.12/turn              (no ring)

@: lethally poisoned (0 -> -5), flying quickly and evasively, quick
A: beak, talons 3, able to fly
a: Fly


You were on level 4 of the Dungeon.
You were not hungry.

You visited 1 branch of the dungeon, and saw 4 of its levels.

You collected 244 gold pieces.

Inventory:

Hand Weapons
 n - a +0 spear (weapon)
Armour
 a - a +0 robe (worn)
 g - a +0 chain mail
 r - a +0 cloak (worn)
 t - a +0 pair of gloves (worn)
 w - a scarf of resistance
Jewellery
 h - a ring of wizardry (left hand)
Wands
 v - a wand of random effects (14)
Scrolls
 b - 4 scrolls of remove curse {unknown}
 e - a scroll of fog
 f - 2 scrolls of identify
 i - a scroll of fear {unknown}
 l - a scroll of noise {unknown}
 m - a scroll of magic mapping {unknown}
 p - 3 scrolls of enchant armour {unknown}
 q - 2 scrolls of amnesia {unknown}
 s - 3 scrolls of teleportation {unknown}
Potions
 d - 2 potions of magic
 j - a potion of might
 k - 2 potions of agility
 o - a potion of degeneration
 u - a potion of lignification {unknown}
 x - a potion of flight
Comestibles
 c - 8 rations


   Skills:
 + Level 2.2 Fighting
 - Level 2.1 Dodging
 - Level 2.0 Stealth
 + Level 3.1 Spellcasting
 * Level 6.7 Summonings


You had 3 spell levels left.
You knew the following spells:

 Your Spells              Type           Power        Failure   Level  Hunger
a - Summon Small Mammal   Summ           ####         1%          1    None
b - Call Imp              Summ           ####....     1%          2    ##.....
c - Summon Ice Beast      Ice/Summ       ##......     17%         4    ####...

Your spell library contained the following spells:

 Spells                   Type           Power        Failure   Level  Hunger
 Call Canine Familiar     Summ           ####....     1%          3    ###....
 Summon Guardian Golem    Hex/Summ       ##......     5%          3    ###....
 Summon Lightning Spire   Summ/Air       ##......     17%         4    ####...


Dungeon Overview and Level Annotations

Branches:
Dungeon (4/15)
 Temple: D:4-7

Altars:
Cheibriados
Nemelex Xobeh
Trog
Xom


Innate Abilities, Weirdness & Mutations

You have a beak for a mouth.
You have claws for feet.
You can fly continuously.


Message History

Your white imp freezes the orc wizard.
Your ice beast closely misses the orc wizard.
The killer bee stings your ice beast! The killer bee stings you!
* * * LOW HITPOINT WARNING * * *
You are lethally poisoned!
The killer bee poisons you!
The orc wizard hits your white imp but does no damage.
The killer bee stings your ice beast but does no damage.
The killer bee misses you.
Your ice beast hits the orc wizard.
Your ice beast freezes the orc wizard!
The orc wizard dies!
Your white imp hits the orc priest.
Your white imp freezes the orc priest.
It was a potion of flight.
You feel very buoyant.
You swoop lightly up into the air.
* * * LOW HITPOINT WARNING * * *
You feel sick.
The killer bee barely misses your ice beast.
The killer bee stings you.
You die...

####### #.....#
#.###.##############
#...#..>............
###.###.###########.
#.#......########.
#@#.#.##..........
#y#.#..........)..
#o# #.............


5Yy ...##########. #yy.....# #. #.o... #. #yy.... #. ........ #. ........# #.
You could see 6 killer bees, an orc priest, an orc, a friendly ice beast and a
friendly white imp.

Vanquished Creatures
  A scorpion (D:4)
  A worker ant (D:4)
  2 worms (D:2)
  A giant cockroach (D:1)
  2 goblins
  3 jackals
  4 bats
  2 frilled lizards
  A rat (D:1)
17 creatures vanquished.

Vanquished Creatures (collateral kills)
  A phantom (D:4)
  An orc wizard (D:4)
  5 adders
  2 worms (D:2)
  A dart slug (D:2)
  5 orcs
  2 ball pythons
  4 giant cockroaches
  3 goblins
  9 hobgoblins
  4 jackals
  2 quokkas
  9 bats
  4 frilled lizards
  4 kobolds
  A leopard gecko skeleton (D:4)
  2 rats
  A butterfly (D:4)
60 creatures vanquished.

Grand Total: 77 creatures vanquished

Notes
Turn   | Place    | Note
-------+----------+-------------------------------------------
     0 | D:1      | Mrkan the Tengu Summoner began the quest for the Orb.
     0 | D:1      | Reached XP level 1. HP: 10/10 MP: 4/4
   148 | D:1      | Reached skill level 5 in Summonings
   264 | D:1      | Reached XP level 2. HP: 10/16 MP: 6/6
   283 | D:1      | Learned a level 2 spell: Call Imp
  1343 | D:2      | Reached skill level 1 in Fighting
  1343 | D:2      | Reached XP level 3. HP: 10/20 MP: 1/7
  1717 | D:2      | Noticed a moth of wrath
  1733 | D:2      | Found a bloodstained altar of Trog.
  2230 | D:3      | Reached XP level 4. HP: 25/25 MP: 8/8
  2658 | D:3      | Reached skill level 6 in Summonings
  2860 | D:3      | Found a sparkling altar of Nemelex Xobeh.
  3092 | D:4      | HP: 1/26 [poisoned by an adder]
  3449 | D:4      | Found a shimmering altar of Xom.
  3497 | D:4      | Gained mutation: You can fly continuously. [Tengu growth]
  3497 | D:4      | Reached XP level 5. HP: 30/30 MP: 2/10
  3503 | D:4      | Learned a level 4 spell: Summon Ice Beast
  3607 | D:4      | Found a snail-covered altar of Cheibriados.
  3614 | D:4      | Noticed a phantom
  3631 | D:4      | Killed a phantom
  4015 | D:4      | Slain by a killer bee

Levels and vault maps discovered:
D:1:      giann_forest_graveyard, layout_loops_ring, hangedman_decor_points,
          chequers_serial_rivers_large_a
D:2:      layout_rooms, grunt_ministairs_12, tgw_trog
D:3:      layout_basic, nemelex_altar_shiori, first_ration,
          minmay_misc_feat_alley, grunt_ministairs_10, fountainhead,
          minmay_pentomino_pile
D:4:      layout_basic, nicolae_overflow_crystal_walls, xom_butterflies

Skill      XL: |  1  2  3  4  5 |
---------------+----------------+-----
Summonings     | 5 6 |  6.7
Fighting       | 1 2 |  2.2
Spellcasting   | 3 |  3.1
Dodging        | |  2.1
Stealth        | |  2.0

Action                   |  1- 3 |  4- 6 || total
-------------------------+-------+-------++-------
Melee: Unarmed           |    36 |       ||    36
       Kick              |    14 |     7 ||    21
       Peck              |    11 |     3 ||    14
       Spear             |    17 |    36 ||    53
 Cast: Summon Small Mamm |    10 |       ||    10
       Call Imp          |    35 |    26 ||    61
       Summon Ice Beast  |       |     2 ||     2
  Use: Scroll            |       |     5 ||     5
       Potion            |       |     1 ||     1
 Stab: Sleeping          |     2 |       ||     2
       Distracted        |       |     1 ||     1
  Eat: Chunk             |     6 |     4 ||    10
       Ration            |       |     2 ||     2
Armor: Robe              |    20 |    14 ||    34
Dodge: Dodged            |    59 |    45 ||   104

Table legend:
 A = Non-vault XP
 B = Vault XP
 C = Vault XP percentage of total XP
 D = Non-vault monster count
 E = Vault monster count
 F = Vault count percentage of total count
                 A         B        C        D         E       F
            +---------+---------+-------+---------+---------+-------
      Total |     238 |      32 |  11.9 |      65 |      11 |  14.5
            +---------+---------+-------+---------+---------+-------
        D:1 |      26 |       0 |   0.0 |      25 |       0 |   0.0
        D:2 |      27 |      21 |  43.8 |      15 |       6 |  28.6
        D:3 |      23 |      11 |  32.4 |      13 |       5 |  27.8
        D:4 |     162 |       0 |   0.0 |      12 |       0 |   0.0
            +---------+---------+-------+---------+---------+-------
